 Dungeon Crawl Stone Soup version 0.28-a0-407-g69098e2f6d (webtiles) character file.

Game seed: 5313766056104620542

9744 ytrimaz the Cleaver (level 11, -6/101 HPs)
             Began as a Minotaur Fighter on Sept 5, 2021.
             Was a Believer of the Shining One.
             Mangled by a death yak (15 damage)
             ... on level 10 of the Dungeon.
             The game lasted 00:17:26 (11951 turns).

ytrimaz the Cleaver (Minotaur Fighter)             Turns: 11951, Time: 00:17:27

Health: -6/101     AC: 21    Str: 23    XL:     11   Next: 27%
Magic:  13/13      EV:  7    Int:  5    God:    the Shining One [**....]
Gold:   937        SH:  0    Dex: 11    Spells: 10/10 levels left

rFire   . . .      SeeInvis +   C - +4 battleaxe "Momoeph" {flame, SInv}
rCold   . . .      Faith    .   (shield currently unavailable)
rNeg    + + +      Spirit   .   l - +0 plate armour
rPois   .          Reflect  .   (helmet restricted)
rElec   .          Harm     .   A - +2 cloak
rCorr   .          Rampage  .   u - +1 pair of gloves
Will    .....                   i - +0 pair of boots
Stlth   ..........              (no amulet)
HPRegen 0.26/turn               g - ring of positive energy
MPRegen 0.13/turn               I - ring of positive energy

@: glowing
A: horns 2, retaliatory headbutt
a: Renounce Religion, Divine Shield


You were on level 10 of the Dungeon.
You worshipped the Shining One.
The Shining One was pleased with you.
You visited 2 branches of the dungeon, and saw 11 of its levels.

You collected 937 gold pieces.

Inventory:

Hand Weapons
 a - a +1 war axe
 q - a +4 flail
 C - the +4 battleaxe "Momoeph" (weapon) {flame, SInv}
   (You found it on level 6 of the Dungeon)

   It burns those it strikes, dealing additional fire damage.
   Big, fiery blades are also staple armaments of hydra-hunters.
   SInv:      It lets you see invisible.
Armour
 c - a +0 buckler
 i - a +0 pair of boots (worn)
 l - a +0 plate armour (worn)
 r - a +2 ring mail of poison resistance
 u - a +1 pair of gloves (worn)
 A - a +2 cloak (worn)
Jewellery
 g - a ring of positive energy (left hand)
 s - a ring of ice
 t - a ring of wizardry
 H - a ring of ice
 I - a ring of positive energy (right hand)
Wands
 h - a wand of flame (46)
 j - a wand of acid (9)
 k - a wand of polymorph (11)
 x - a wand of paralysis (8)
 E - a wand of digging (5)
Scrolls
 e - a scroll of enchant weapon
 f - 4 scrolls of identify
 p - 2 scrolls of teleportation
 y - 2 scrolls of summoning
 z - a scroll of blinking
 D - a scroll of amnesia
 F - a scroll of fear {unknown}
Potions
 b - a potion of might
 d - 2 potions of magic
 m - 2 potions of resistance
 n - 5 potions of lignification
 o - 6 potions of curing
 v - a potion of flight
 w - 2 potions of mutation
 B - a potion of haste


   Skills:
 * Level 10.4 Fighting
 * Level 13.4(14.0) Axes
 - Level 7.2(11.3) Maces & Flails
 + Level 9.2 Armour
 - Level 4.0 Shields
 * Level 5.1 Invocations


You had 10 spell levels left.
You didn't know any spells.
Your spell library contained the following spells:

 Spells                   Type           Power      Damage    Failure   Level
 Foxfire                  Conj/Fire      0%         2x1d4     100%        1
 Slow                     Hex            0%         N/A       100%        2
 Confusing Touch          Hex            0%         N/A       100%        3
 Conjure Flame            Conj/Fire      0%         6-21      100%        3
 Inner Flame              Hex/Fire       0%         N/A       100%        3
 Portal Projectile        Hex/Tloc       0%         N/A       100%        3
 Vampiric Draining        Necr           0%         2d6       100%        3
 Flame Wave               Conj/Fire      0%         3d3       100%        4
 Blade Hands              Tmut           0%         N/A       100%        5
 Excruciating Wounds      Necr           0%         N/A       100%        5


Dungeon Overview and Level Annotations

Branches:
Dungeon (10/15)            Temple (1/1) D:5            Lair (0/6) D:10
    Orc (0/2) D:9

Altars:
Ashenzari
Cheibriados
Dithmenos
Elyvilon
Fedhas
Gozag
Hepliaklqana
Kikubaaqudgha
Makhleb
Nemelex Xobeh
Okawaru
Qazlal
Ru
Sif Muna
Trog
Uskayaw
Vehumet
Wu Jian
Xom
Yredelemnul
The Shining One


Innate Abilities, Weirdness & Mutations

You have a pair of horns on your head.
You reflexively headbutt those who attack you in melee.


Message History

You slash the death yak! You burn the death yak.
You headbutt the death yak, but do no damage.
The death yak is heavily wounded.
The death yak gores you but does no damage.
You completely miss the death yak.
The death yak is heavily wounded.
The death yak gores you!
You hit the death yak but do no damage.
You headbutt the death yak, but do no damage.
The death yak is heavily wounded.
The death yak gores you!
You slash the death yak! You burn the death yak.
The death yak is severely wounded.
The death yak gores you but does no damage.
You hit the death yak but do no damage. You headbutt the death yak!
The death yak is severely wounded.
The death yak gores you!!
You feel yourself speed up.
The death yak gores you but does no damage.
You feel very mighty all of a sudden.
You slash the death yak! You burn the death yak. You headbutt the death yak.
You kill the death yak!
The death yak gores you.
You see here a death yak corpse.
You slash the death yak! You burn the death yak.
The death yak is moderately wounded.
The death yak gores you!!
* * * LOW HITPOINT WARNING * * *
You slice the death yak!! You burn the death yak.
The death yak is heavily wounded.
You slash the death yak! You burn the death yak.
The death yak is severely wounded.
The death yak gores you.
* * * LOW HITPOINT WARNING * * *
It was a potion of cancellation.
Your magical effects are unravelling.
You feel magically purged.
You feel yourself slow down.
You feel a little less mighty now. The death yak gores you!
You die...

#.# #.#
###.#
##.##
....#
#...###
#####
#.#...# ##
#...#.# .#
#####.# .#
#.# # .#
##.#####.#
.####
#.YYY@...#
.....
#.Y#######
.# #.r# .#
#YY..# .#
...r.##.#
.# .....
#.# ..
.... #.#
.... #.#
>.. ...


You could see a death yak and 3 yaks.

Vanquished Creatures
  3 two-headed ogres
  2 death yaks (D:10)
  A deep elf zephyrmancer (D:8)
  Joseph (D:9)
  Maggie (D:9)
  A troll (D:10)
  A meliai zombie (D:10)
  3 yaks (D:9)
  A wraith (D:5)
  4 vampire mosquitoes (D:10)
  2 steam dragons (D:8)
  Menkaure (D:6)
  Edmund (D:4)
  An acid dragon (D:9)
  A water moccasin (D:7)
  3 orc warriors
  2 ice beasts (D:7)
  4 sky beasts
  A black bear (D:6)
  2 necrophages (D:7)
  2 ogres
  2 centaurs
  A kobold brigand (D:7)
  A wyvern zombie (D:7)
  2 gnoll sergeants
  3 scorpions
  A wyvern skeleton (D:7)
  5 wights (D:8)
  5 howler monkeys
  An electric eel (D:9)
  2 jellies (D:7)
  2 orc priests
  3 centaur zombies
  6 hounds
  Crazy Yiuf (D:2)
  Terence (D:3)
  An iguana (D:6)
  Natasha (D:3)
  7 orc wizards
  A hell rat (D:10)
  A howler monkey zombie (D:8)
  Robin (D:3)
  11 gnolls
  5 adders
  A howler monkey skeleton (D:4)
  2 worms
  3 dart slugs (D:1)
  25 orcs
  5 ball pythons
  5 bats
  8 endoplasms
  6 giant cockroaches
  16 goblins
  12 hobgoblins
  2 jackals (D:3)
  25 kobolds
  5 quokkas
  4 frilled lizards
  A quokka skeleton (D:4)
  12 rats
234 creatures vanquished.

Vanquished Creatures (others)
  A goblin (D:3)
  11 plants (D:7)
12 creatures vanquished.

Grand Total: 246 creatures vanquished

Notes
Turn   | Place    | Note
-------+----------+-------------------------------------------
     0 | D:1      | ytrimaz the Minotaur Fighter began the quest for the Orb.
     0 | D:1      | Reached XP level 1. HP: 19/19 MP: 0/0
    69 | D:1      | Found a faded altar of an unknown god.
   112 | D:1      | Reached XP level 2. HP: 27/27 MP: 1/1
   305 | D:1      | Reached skill level 3 in Axes
   567 | D:1      | Reached XP level 3. HP: 33/33 MP: 2/2
  1256 | D:2      | Reached XP level 4. HP: 41/41 MP: 3/3
  1540 | D:2      | Found a runed translucent door.
  1541 | D:2      | Noticed Crazy Yiuf
  1547 | D:2      | Killed Crazy Yiuf
  1548 | D:2      | Reached skill level 4 in Axes
  1607 | D:3      | Noticed Terence
  1618 | D:3      | Killed Terence
  1908 | D:3      | Noticed Robin
  1915 | D:3      | Reached XP level 5. HP: 41/47 MP: 4/4
  1916 | D:3      | Killed Robin
  1917 | D:3      | Reached skill level 5 in Axes
  2420 | D:3      | Noticed Natasha
  2426 | D:3      | Killed Natasha
  2633 | D:3      | Reached skill level 5 in Fighting
  2861 | D:3      | Reached skill level 6 in Axes
  2861 | D:3      | Reached XP level 6. HP: 48/56 MP: 5/5
  2896 | D:3      | Found a sacrificial altar of Ru.
  3235 | D:4      | Noticed Edmund
  3246 | D:4      | Killed Edmund
  3247 | D:4      | Reached skill level 1 in Maces & Flails
  3247 | D:4      | Reached skill level 5 in Armour
  3514 | D:4      | Noticed an orc warrior
  3522 | D:4      | HP: 2/57 [orc priest/divine providence (13)]
  3528 | D:5      | Entered Level 5 of the Dungeon
  3792 | D:4      | Reached XP level 7. HP: 40/63 MP: 6/6
  4683 | D:5      | Found a staircase to the Ecumenical Temple.
  4692 | Temple   | Entered the Ecumenical Temple
  4973 | Temple   | Became a worshipper of the Shining One
  5186 | D:5      | Noticed a wraith
  5201 | D:5      | Killed a wraith
  5202 | D:5      | Reached skill level 5 in Maces & Flails
  5202 | D:5      | Reached XP level 8. HP: 45/71 MP: 7/7
  5736 | D:6      | Noticed Menkaure
  5744 | D:6      | Killed Menkaure
  6393 | D:6      | Found a basalt altar of Yredelemnul.
  6399 | D:6      | Found a white marble altar of Elyvilon.
  6402 | D:6      | Found an ancient bone altar of Kikubaaqudgha.
  6602 | D:6      | Identified the +4 battleaxe "Momoeph" {flame, SInv}
  7191 | D:7      | Reached skill level 1 in Invocations
  7428 | D:7      | Found a radiant altar of Vehumet.
  7635 | D:7      | Reached XP level 9. HP: 81/81 MP: 9/9
  7638 | D:7      | Reached skill level 7 in Axes
  7981 | D:7      | Reached * piety under the Shining One
  7984 | D:7      | Reached skill level 8 in Axes
  8188 | D:8      | Identified a scroll of acquirement
  8188 | D:8      | Acquired 533 gold pieces
  8333 | D:8      | Noticed a two-headed ogre
  8339 | D:8      | Killed a two-headed ogre
  8340 | D:8      | Reached skill level 10 in Axes
  9037 | D:8      | Found a hide-covered altar of Uskayaw.
  9055 | D:8      | Reached XP level 10. HP: 73/90 MP: 11/11
  9324 | D:8      | Noticed a deep elf zephyrmancer
  9332 | D:8      | Killed a deep elf zephyrmancer
  9431 | D:9      | Noticed Joseph
  9449 | D:9      | Killed Joseph
  9450 | D:9      | Reached skill level 11 in Axes
  9722 | D:9      | Found a staircase to the Orcish Mines.
 10161 | D:9      | Noticed Maggie
 10170 | D:9      | Killed Maggie
 10786 | D:9      | Reached skill level 12 in Axes
 11267 | D:10     | Entered Level 10 of the Dungeon
 11289 | D:10     | Reached ** piety under the Shining One
 11338 | D:10     | Noticed a two-headed ogre
 11343 | D:10     | Killed a two-headed ogre
 11344 | D:10     | Reached skill level 10 in Fighting
 11652 | D:10     | Reached XP level 11. HP: 93/99 MP: 13/13
 11659 | D:10     | Noticed a two-headed ogre
 11663 | D:10     | Killed a two-headed ogre
 11754 | D:10     | Reached skill level 13 in Axes
 11923 | D:10     | Noticed a death yak
 11924 | D:10     | Noticed a death yak
 11926 | D:10     | Found a staircase to the Lair.
 11926 | D:10     | Noticed a death yak
 11936 | D:10     | Killed a death yak
 11937 | D:10     | Reached skill level 5 in Invocations
 11946 | D:10     | Killed a death yak
 11951 | D:10     | Mangled by a death yak

Illustrated notes

Levels and vault maps discovered:
D:1:      minmay_arrival_five_plusses, layout_loops_ring,
          hellmonk_ecumenical_altar_blasted, grunt_decor_fettered
D:2:      layout_loops_ring, uniq_crazy_yiuf_cottage
D:3:      minmay_razor_zed, layout_basic, lemuel_coloured_pillars_altar,
          portal_sewer_entry_d, uniq_robin, uniq_terence, uniq_natasha
D:4:      layout_basic, uniq_edmund
D:5:      layout_rooms, lemuel_temple_firewalk_b
D:6:      layout_loops_corners, minmay_overflow_temple_star_quad,
          kennysheep_generic_room_4, uniq_menkaure
D:7:      kennysheep_kobold_camp, layout_loops_corners, vehumet_crystals
D:8:      layout_gridville, mainiacjoe_overflow_concentric_impassable,
          guppyfry_early_elven_hall
D:9:      layout_small_grid, orc_0_dummy, grunt_decor_one_mirror,
          kennysheep_big_empty_room, uniq_joseph, uniq_maggie
D:10:     layout_loops_ring, mainiacjoe_overflow_six_doors_small,
          dpeg_lair_monsters
Temple:   regret_index_temple_generic_petals

Skill      XL: |  1  2  3  4  5  6  7  8  9 10 11 |
---------------+----------------------------------+-----
Fighting       | 4 5 6 7 9 10 | 10.4
Axes           | 3 4 6 10 12 13 | 13.4
Armour         | 4 5 6 7 8 9 |  9.2
Shields        | 4 |  4.0
Maces & Flails | 2 5 7 |  7.2
Invocations    | 2 3 4 5 |  5.1

Action                   |  1- 3 |  4- 6 |  7- 9 | 10-12 || total
-------------------------+-------+-------+-------+-------++-------
Melee: War axe           |    98 |    88 |       |       ||   186
       Headbutt          |    14 |    16 |    30 |    19 ||    79
       Flail             |       |    36 |    93 |       ||   129
       Battleaxe         |       |       |    93 |   115 ||   208
  Use: Scroll            |       |    11 |     7 |     1 ||    19
       Potion            |       |     2 |     1 |     3 ||     6
Armor: Scale mail        |    44 |    65 |     9 |       ||   118
       Plate armour      |       |       |   114 |    79 ||   193
Dodge: Dodged            |    47 |    69 |    64 |    35 ||   215
Block: Buckler           |    23 |    31 |    18 |       ||    72

Table legend: (Time is in decaauts)
 A = Elapsed time spent in this place.
 B = Non-inter-level travel time spent in this place.
 C = Inter-level travel time spent in this place.
 D = Time resting spent in this place.
 E = Time spent auto-exploring this place.
 F = Levels seen in this place.
 G = Mean time per level.
                   A        B        C        D        E       F      G
               +--------+--------+--------+--------+--------+-----+--------+
         Total |  12059 |  11710 |    349 |   2158 |   7627 |  11 | 1096.3 |
       Dungeon |  11738 |  11415 |    323 |   2158 |   7398 |  10 | 1173.8 |
        Temple |    320 |    294 |     26 |      0 |    229 |   1 |  320.0 |
               +--------+--------+--------+--------+--------+-----+--------+

Top non-repeatable levels by time:
     D:9: 1855 daAuts
     D:3: 1618 daAuts
     D:6: 1503 daAuts
     D:8: 1238 daAuts
     D:7: 1160 daAuts
     D:4: 1110 daAuts
     D:5: 953 daAuts
     D:1: 901 daAuts
     D:2: 713 daAuts
    D:10: 682 daAuts
  Temple: 320 daAuts
